 Dungeon Crawl Stone Soup version 0.30.1-11-g7821555f0a (webtiles) character file.

Game seed: 1630611722497045784

3311 sorakito the Fighter (level 9, -6/85 HPs)
             Began as a Minotaur Berserker on Jan 4, 2024.
             Was an Elder of Trog.
             Mangled by Joseph
             ... wielding a +2 quarterstaff of speed
              (7 damage)
             ... on level 8 of the Dungeon.
             The game lasted 00:32:26 (6342 turns).

sorakito the Fighter (Minotaur Berserker)           Turns: 6342, Time: 00:32:35

Health: -6/85      AC:  6    Str: 27    XL:     9   Next: 70%
Magic:  8/8        EV: 14    Int:  4    God:    Trog [****..]
Gold:   354        SH:  0    Dex: 15    Spells: 8/8 levels left

rFire   . . .        w - +2 dire flail (distort)
rCold   . . .        (shield currently unavailable)
rNeg    . . .        e - +0 ring mail
rPois   .            (helmet restricted)
rElec   .            (no cloak)
rCorr   .            (no gloves)
SInv    .            (no boots)
Will    .....        c - amulet of faith
Stlth   +            q - +6 ring of dexterity
HPRegen 0.34/turn    (no ring)
MPRegen 0.11/turn

%: faith
@: on berserk cooldown, slowed, very slow
A: horns 2, retaliatory headbutt
a: Renounce Religion, Berserk, Trog's Hand, Brothers in Arms


You were on level 8 of the Dungeon.
You worshipped Trog.
Trog was greatly pleased with you.
You visited 2 branches of the dungeon, and saw 9 of its levels.

You collected 354 gold pieces.

Inventory:

Hand Weapons
 a - a +1 hand axe
 m - a +0 hammer of protection
 w - a +2 dire flail of distortion (weapon)
Missiles
 p - a throwing net (quivered)
Armour
 b - a +0 animal skin
 e - a +0 ring mail (worn)
 f - a +1 pair of gloves
 r - a +2 hat
 y - a +0 buckler
Jewellery
 c - an amulet of faith (around neck)
 q - a +6 ring of dexterity (left hand)
 x - an amulet of faith
Scrolls
 h - a scroll of noise {unknown}
 n - a scroll of fear {unknown}
 s - 6 scrolls of teleportation
 t - 2 scrolls of blinking
 u - 2 scrolls of identify {unknown}
 v - 4 scrolls of immolation {unknown}
 z - a scroll of poison
 A - a scroll of enchant armour {unknown}
Potions
 d - 3 potions of might {unknown}
 g - a potion of cancellation {unknown}
 i - 2 potions of magic {unknown}
 j - 4 potions of mutation {unknown}
 k - 2 potions of attraction {unknown}
 l - 3 potions of curing
 o - 5 potions of heal wounds {unknown}


   Skills:
 * Level 10.1 Fighting
 - Level 6.3(8.1) Axes
 * Level 7.9(8.9) Maces & Flails
 + Level 7.2 Armour
 + Level 6.5 Dodging


You had 8 spell levels left.
You didn't know any spells.
Your spell library contained the following spells:

 Spells                   Type           Power      Damage    Failure   Level
 Magic Dart               Conj           0%         1d3       63%         1
 Call Imp                 Summ           0%         N/A       77%         2
 Mephitic Cloud           Conj/Pois/Air  0%         N/A       94%         3


Dungeon Overview and Level Annotations

Branches:
Dungeon (8/15)             Temple (1/1) D:5
   Lair: D:8-11

Altars:
Ashenzari
Cheibriados
Dithmenos
Elyvilon
Fedhas
Gozag
Hepliaklqana
Kikubaaqudgha
Makhleb
Nemelex Xobeh
Okawaru
Qazlal
Ru
Sif Muna
Trog
Uskayaw
Vehumet
Wu Jian
Xom
Yredelemnul
Zin
The Shining One

Shops:
D:1 *   D:6 [

Annotations:
D:8 Joseph


Innate Abilities, Weirdness & Mutations

You have a pair of horns on your head.
You reflexively headbutt those who attack you in melee.


Message History

You are exhausted.
You feel yourself slow down.
You barely miss the gnoll.
You headbutt the gnoll, but do no damage.
The gnoll hits you with a +0 whip.
You sock the gnoll! You headbutt the gnoll.
You kill the gnoll!
Trog accepts your kill.
The kobold throws a stone.
The stone completely misses you.
Joseph shoots a sling bullet.
The sling bullet misses you.
You puncture the kobold!
You kill the kobold!
Trog accepts your kill.
Joseph unwields a +0 sling.
Joseph wields a +2 quarterstaff of speed.
Joseph hits you with a +2 quarterstaff of speed!
You barely miss Joseph.
A gnoll comes into view. It is wielding a +2 spear of pain.
Joseph hits you with a +2 quarterstaff of speed!
You completely miss Joseph. Your headbutt misses Joseph.
Joseph hits you with a +2 quarterstaff of speed.
A kobold comes into view. It is wielding a +0 short sword.
Joseph hits you with a +2 quarterstaff of speed!
You hit Joseph.
Space warps around Joseph.
Your headbutt misses Joseph.
Joseph is lightly wounded.
Joseph completely misses you. You furiously retaliate!
You headbutt Joseph!
Joseph hits you with a +2 quarterstaff of speed.
* * * LOW HITPOINT WARNING * * *
The gnoll sergeant hits you from afar with a +0 spear of freezing!
* * * LOW HITPOINT WARNING * * *
The gnoll sergeant freezes you.
* * * LOW HITPOINT WARNING * * *
It was a potion of curing.
You feel better.
Joseph hits you with a +2 quarterstaff of speed!!
* * * LOW HITPOINT WARNING * * *
Joseph closely misses you.
A kobold comes into view. It is wielding a +0 dagger.
The gnoll sergeant closely misses you.
Joseph hits you with a +2 quarterstaff of speed!
You die...

.......##
#.......###
#.....#...
#.......#
##......#
#######......##
..............#
#######)#....##
#@#.K..#
#@#....#
gy#..<.#
.gKg.....#
.K......##
.K.....@..
...........
............#
.........#


You could see Joseph, a gnoll sergeant, a killer bee, 2 gnolls and 3 kobolds.

Vanquished Creatures
  Eustachio (D:6)
  Edmund (D:4)
  A water moccasin (D:7)
  A sky beast (D:7)
  2 black bears
  3 ice beasts
  2 ogres
  2 kobold brigands
  2 bullfrogs
  3 scorpions
  4 wights (D:7)
  A killer bee (D:8)
  An electric eel (D:7)
  4 hounds
  A jelly (D:5)
  3 iguanas
  9 gnolls
  10 adders
  A white imp (D:6)
  2 ufetubi
  3 worms
  4 dart slugs
  5 orcs (D:7)
  7 ball pythons
  8 endoplasms
  7 giant cockroaches
  7 goblins
  3 hobgoblins
  18 kobolds
  5 quokkas
  11 bats
  3 frilled lizards
  3 rats
138 creatures vanquished.

Notes
Turn   | Place    | Note
-------+----------+-------------------------------------------
     0 | D:1      | sorakito the Minotaur Berserker began the quest for the
                  | Orb.
     0 | D:1      | Reached XP level 1. HP: 19/19 MP: 0/0
   221 | D:1      | Reached XP level 2. HP: 24/27 MP: 1/1
   498 | D:1      | Found Cyavuef's Assorted Antiques.
   630 | D:1      | Reached skill level 4 in Fighting
  1027 | D:2      | Reached XP level 3. HP: 33/33 MP: 2/2
  1055 | D:2      | Reached ** piety under Trog
  1237 | D:2      | Reached XP level 4. HP: 41/41 MP: 3/3
  1820 | D:3      | Found a faded altar of an unknown god.
  1829 | D:3      | Found a sacrificial altar of Ru.
  1836 | D:3      | Found a shadowy altar of Dithmenos.
  2265 | D:4      | Reached skill level 5 in Axes
  2265 | D:4      | Reached XP level 5. HP: 37/47 MP: 4/4
  2324 | D:4      | Reached *** piety under Trog
  2340 | D:4      | Reached skill level 5 in Fighting
  2536 | D:4      | Found a glowing drain.
  2538 | D:4      | Noticed a black bear
  2565 | D:4      | Killed a black bear
  2566 | D:4      | Reached XP level 6. HP: 52/56 MP: 5/5
  2982 | D:4      | Noticed Edmund
  2990 | D:4      | Killed Edmund
  2991 | D:4      | Reached skill level 6 in Fighting
  2991 | D:4      | Reached XP level 7. HP: 12/63 MP: 6/6
  3647 | D:5      | Entered Level 5 of the Dungeon
  3702 | D:5      | Reached skill level 1 in Maces & Flails
  3878 | D:5      | Found a staircase to the Ecumenical Temple.
  3887 | Temple   | Entered the Ecumenical Temple
  4110 | D:6      | Reached skill level 7 in Fighting
  4110 | D:6      | Reached skill level 5 in Armour
  4117 | D:6      | Reached XP level 8. HP: 37/73 MP: 7/7
  4416 | D:6      | Reached skill level 5 in Dodging
  4432 | D:6      | Reached skill level 8 in Fighting
  4437 | D:6      | Reached **** piety under Trog
  4853 | D:6      | Found Hasti's Antique Armour Emporium.
  4855 | D:6      | Noticed Eustachio
  4862 | D:6      | Killed Eustachio
  4863 | D:6      | Reached skill level 5 in Maces & Flails
  4981 | D:7      | Found an opulent altar of Gozag.
  5177 | D:7      | Noticed a manticore
  5182 | D:7      | Banished a manticore
  5183 | D:7      | Reached skill level 9 in Fighting
  5183 | D:7      | Reached XP level 9. HP: 83/83 MP: 8/8
  5968 | D:7      | Noticed a boulder beetle
  5973 | D:7      | Banished a boulder beetle
  6183 | D:7      | Reached skill level 10 in Fighting
  6304 | D:8      | Noticed Joseph
  6342 | D:8      | HP: 1/85 [Joseph/+2 quarterstaff of speed (19)]
  6342 | D:8      | Mangled by Joseph

Illustrated notes

Levels and vault maps discovered:
D:1:      lemuel_arrival_room, layout_basic, serial_shops,
          nicolae_shop_statue_plus, amcnicky_mini_rare_corridor_liquid,
          nrook_mini_vaults, feat_on_display
D:2:      layout_rooms, serial_bayou_lagoon_a, serial_bayou_pond_b
D:3:      layout_rooms, mainiacjoe_overflow_catwalk,
          grunt_dithmenos_smoke_and_mirrors, nicolae_ecumenical_oubliette,
          uniq_crazy_yiuf_cottage
D:4:      layout_basic, serial_forest, infiniplex_forest_clump_medium,
          infiniplex_forest_lined_room_, infiniplex_forest_clump_C,
          infiniplex_forest_clump_C, infiniplex_forest_clump_diagonal,
          infiniplex_forest_end_1, infiniplex_forest_lined_room_2,
          cheibrodos_sewer_entry_sluice, chequers_jeans,
          hangedman_decor_opposing, uniq_edmund
D:5:      layout_loops_ring, minmay_temple_entry_mist, minmay_misc_feat_pillars,
          st_stairs_3, uniq_grinder
D:6:      layout_cave_pools, serial_shops, nicolae_shop_behind_doors,
          nrook_loot_triangle, uniq_eustachio
D:7:      layout_loops_cross, mainiacjoe_overflow_boulevard,
          nicolae_lava_and_water
D:8:      minmay_chambers_of_sixes, layout_rooms, uniq_joseph
Temple:   hellmonk_temple_of_storms

Skill      XL: |  1  2  3  4  5  6  7  8  9 |
---------------+----------------------------+-----
Fighting       | 4 5 6 7 9 10 | 10.1
Axes           | 4 5 6 |  6.3
Armour         | 3 4 5 6 7 |  7.2
Dodging        | 3 4 5 6 |  6.5
Maces & Flails | 3 6 7 |  7.9

Action                     |  1- 3 |  4- 6 |  7- 9 || total
---------------------------+-------+-------+-------++-------
  Melee: Hand axe          |    91 |   101 |       ||   192
         Headbutt          |    16 |    19 |    27 ||    62
         Dire flail        |       |       |   122 ||   122
 Invoke: Berserk           |       |     1 |     3 ||     4
    Use: Scroll            |       |     6 |       ||     6
         Potion            |       |       |     1 ||     1
 Armour: Animal skin       |     1 |       |       ||     1
         Ring mail         |    37 |    34 |    30 ||   101
  Dodge: Dodged            |    58 |    54 |    89 ||   201
